Cogmind - Beta 15 @@@ ROGUE MODE // 2025.08.24 @ 09:33:42 Player: H3-RMN Result: Destroyed by B-99 Colossus with Multirail Performance ------------- Evolutions (9) 4500 Regions Visited (25) 5000 Robots Destroyed (226) 1130 Value Destroyed (9462) 9462 Prototype IDs (96) 1920 Alien Tech Used (14) 2800 Bonus (16168) 16168 TOTAL SCORE: 40980 Bonus ------- Triggered Max Security 2000 High Alert Combat Kills 2144 Follower Combat Kills 3677 Entered DSFs 1000 Aligned with FarCom 300 Met Data Miner 300 Acquired ECA 300 Scanned by Researcher 1000 Pursued by Intercept 1000 Met Sigix 2000 Activated Exoskeleton 3000 Friendly Fire -553 Cogmind --------- Core Integrity 0/1600 Matter 695/700 Energy 350/350 System Corruption 0% +Membrane Temperature Cool (0) +ITN Movement Core (50) Location -1/Access Parts ------- > --- POWER (2) -------- (None) > --- PROPULSION (7) --- (None) > --- UTILITY (12) ----- Advanced Matter Compressor Advanced Target Analyzer Core Analyzer > --- WEAPON (4) ------- (None) > --- INVENTORY (5) ---- Reinforced Quantum Reactor Huge Storage Unit Improved Energy Well (400) Peak State ------------ > --- POWER ------------ Light Neutrino Core Improved Fusion Compressor > --- PROPULSION ------- Combat Antigrav System Combat Antigrav System Combat Antigrav System Combat Antigrav System Combat Antigrav System Combat Antigrav System Combat Linear Gravjet > --- UTILITY ---------- Advanced Cooling System Large Storage Unit Improved Energy Well Advanced Sensor Array Improved Signal Interpreter Core Analyzer Advanced Reaction Control System Advanced Phase Shifter SHELL Armor System Mapper > --- WEAPON ----------- Core Cannon Compact Mass Driver Enhanced Hardcell Cannon > --- INVENTORY -------- Light Particle Reactor Improved Antigrav System Improved Antigrav System Huge Storage Unit Advanced Matter Compressor Advanced Transmission Jammer Compact HERF Cannon Plasma Lance [Rating: 203] Favorites ----------- Power Cooled Ion Engine Engine Cooled Ion Engine Power Core Light Fission Core Reactor Micro Antimatter Reactor Propulsion Combat Antigrav System Treads Armored Treads Leg Advanced Myomer Leg Wheel Armored Wheel Hover Unit Combat Antigrav System Flight Unit Improved VTOL Module Utility Huge Storage Unit Device Advanced Sensor Array Storage Huge Storage Unit Processor Improved Signal Interpreter Hackware Improved Hacking Suite Protection Medium Armor Plating Artifact Phase Redirector Weapon Heavy Assault Rifle Energy Gun Pulse Rifle Energy Cannon Nova Cannon Ballistic Gun Heavy Assault Rifle Ballistic Cannon Compact Mass Driver Launcher Mini Grenade Launcher Special Weapon Advanced Remote Datajack Impact Weapon Maul Slashing Weapon Scythe Piercing Weapon Heavy Pick Special Melee Weapon Datajack Build | -11 -10 -10 -9 -9 -9 -8 -8 -7 -7 -6 -6 -6 -6 -6 -6 -5 -5 -5 -4 -3 -3 -2 -2 -2 -1 ------- Run | Yrd Mat Min Mat Min Exi Min Mat Fac DSF Fac Was Fac Low Low Dat Pro Fac DSF Fac Res Tes Res Qua Sec Acc Slots Evolved 18 | . . . 2 . . . 2 2 . 2 . . . . . . 2 . 2 2 . 2 . . 2 Power 1 | . . . . . . . . . . . . . . . . . 1 . . . . . . . . Propulsion 5 | . . . . . . . 1 2 . . . . . . . . 1 . . . . 1 . . . Utility 10 | . . . . . . . 1 . . 2 . . . . . . . . 2 2 . 1 . . 2 Weapon 2 | . . . 2 . . . . . . . . . . . . . . . . . . . . . . Parts Attached 202 | 7 6 5 16 1 11 6 9 . 12 18 2 3 3 1 . 2 3 1 3 31 10 12 16 7 17 Power 27 | 1 1 1 2 . 1 . 1 . 1 . . 1 1 1 . . 1 . 1 5 . 2 2 2 3 Engine 6 | 1 1 . 2 . 1 . 1 . . . . . . . . . . . . . . . . . . Core 8 | . . 1 . . . . . . 1 . . 1 1 1 . . 1 . . . . . . 2 . Reactor 13 | . . . . . . . . . . . . . . . . . . . 1 5 . 2 2 . 3 Propulsion 47 | 2 1 1 4 . . 2 3 . 3 8 1 1 . . . . 1 . 1 7 2 3 1 . 6 Treads 10 | . 1 . 3 . . 1 2 . 2 . . . . . . . . . . . . . . . 1 Leg 2 | . . . . . . 1 . . 1 . . . . . . . . . . . . . . . . Wheel 8 | 2 . 1 1 . . . 1 . . 3 . . . . . . . . . . . . . . . Hover 17 | . . . . . . . . . . . . . . . . . . . . 7 2 3 1 . 4 Flight 10 | . . . . . . . . . . 5 1 1 . . . . 1 . 1 . . . . . 1 Utility 66 | 2 1 2 4 . 4 1 3 . 3 5 1 . 2 . . 1 1 . 1 13 3 4 10 1 4 Device 27 | 1 . . 1 . 1 . 1 . 1 1 1 . 1 . . 1 1 . . 7 1 1 5 . 3 Storage 9 | 1 1 . 2 . . . . . 1 1 . . . . . . . . . . . 2 1 . . Processor 10 | . . . . . . 1 . . . 3 . . 1 . . . . . . 1 1 . 2 . 1 Hackware 8 | . . . . . . . 1 . . . . . . . . . . . 1 5 1 . . . . Protection 11 | . . 2 1 . 3 . 1 . 1 . . . . . . . . . . . . 1 1 1 . Artifact 1 | . . . . . . . . . . . . . . . . . . . . . . . 1 . . Weapon 62 | 2 3 1 6 1 6 3 2 . 5 5 . 1 . . . 1 . 1 . 6 5 3 3 4 4 Energy Gun 14 | 1 1 1 . . 3 2 2 . . . . . . . . . . . . 1 1 1 . . 1 Energy Cannon 7 | . . . . . . . . . . . . . . . . . . . . 1 2 . 1 3 . Ballistic Gun 23 | 1 2 . 5 1 1 1 . . 4 4 . . . . . . . . . 3 1 . . . . Ballistic Cannon 3 | . . . . . . . . . . . . . . . . . . . . . . 1 1 . 1 Launcher 4 | . . . . . 2 . . . . . . . . . . . . . . . 1 1 . . . Special Weapon 1 | . . . . . . . . . . . . . . . . . . . . . . . . . 1 Impact Weapon 2 | . . . . . . . . . 1 . . . . . . . . . . 1 . . . . . Slashing Weapon 4 | . . . . . . . . . . 1 . 1 . . . . . . . . . . 1 1 . Piercing Weapon 2 | . . . . . . . . . . . . . . . . . . 1 . . . . . . 1 Special Melee Weapon 2 | . . . 1 . . . . . . . . . . . . 1 . . . . . . . . . Unidentified Prototypes 33 | . . . 3 . . 1 2 . . . 1 . . . . . . . 1 1 1 2 8 11 2 Corrupted Parts 3 | . . . . . . 2 . . . . . . . . . . . . . . . . 1 . . System Corruption 14 | . . . . . . 7 . . . . . . . . . . . . . . . . 7 . . Parts Lost 78 | . 1 . . . 10 2 4 . 3 1 . 2 1 . . . . 1 . 7 3 3 5 5 30 Power 12 | . . . . . 1 . 1 . . . . 1 1 . . . . 1 . . . . 1 1 5 Propulsion 25 | . . . . . 1 1 2 . 2 . . 1 . . . . . . . 3 . 2 1 . 12 Utility 20 | . . . . . 3 1 . . . . . . . . . . . . . 3 1 1 1 1 9 Weapon 21 | . 1 . . . 5 . 1 . 1 1 . . . . . . . . . 1 2 . 2 3 4 Highest Loss Streak 17 | . 1 . . . 8 1 2 . 1 1 . 2 1 . . . . 1 . 2 3 1 4 4 17 To Critical Strikes 2 | . . . . . 2 . . . . . . . . . . . . . . . . . . . . Average Backups 17 | 2 9 15 19 23 21 21 22 24 24 22 14 13 14 13 12 13 14 14 14 14 14 11 11 9 5 Power 1 | . 1 1 2 3 1 . . . . . . . . . 1 1 1 . . . . 1 . 1 . Propulsion 3 | 1 2 2 3 3 3 5 7 11 8 6 2 2 3 2 2 2 1 1 1 2 3 1 1 . 1 Utility 6 | . 2 5 7 8 8 9 8 8 10 10 10 9 9 8 7 7 8 9 8 3 2 4 4 3 2 Weapon 5 | . 4 7 5 7 6 5 6 5 4 4 1 2 2 1 2 3 4 4 4 7 7 4 3 1 1 Tool/Special . | . . . . . . . . . . . . . . . . . . . . . . . . . . Unused Backups 49 | . . 2 8 1 5 2 4 . 3 3 3 1 . 3 . . . . . . 3 1 8 1 1 Power 6 | . . . 1 . 1 . . . . 1 . . . . . . . . . . 1 1 1 . . Propulsion 7 | . . . 3 1 . . 2 . . . . . . 1 . . . . . . . . . . . Utility 22 | . . . 1 . 3 1 1 . 3 1 3 1 . 2 . . . . . . . . 5 . 1 Weapon 12 | . . 2 3 . 1 . 1 . . 1 . . . . . . . . . . 2 . 2 . . Tool/Special 2 | . . . . . . 1 . . . . . . . . . . . . . . . . . 1 . Average Slot Usage (%) 95 | . 100 100 99 100 99 98 92 76 98 95 86 86 88 86 83 80 85 87 75 89 99 93 92 84 69 Engine 6 | . 14 3 7 11 11 11 7 7 4 . . . . . . . . . . . . . . . . Core 2 | . . 10 3 . . . . . 2 5 6 5 4 6 6 6 8 10 5 1 . . . 5 4 Reactor 1 | . . . . . . . . . . . . . . . . . . . 5 7 9 7 8 2 1 Treads 9 | . 12 14 11 11 12 10 17 15 26 17 . . . . . . . . . . . . . . . Wheel 7 | . 15 14 10 11 9 11 8 7 2 5 . . . . . . . . . . . . . . . Hover 6 | . . . . . . . . . . . . . . . . . . . . 16 28 29 30 30 21 Flight 3 | . . . . . . . . . . 7 33 33 33 33 33 33 35 35 31 11 . . . . . Device 6 | . 14 . 1 . 4 . 1 . 5 7 13 13 13 13 13 13 14 17 15 16 14 12 14 8 9 Storage 9 | . 14 14 11 11 11 11 9 7 7 6 6 6 6 6 6 6 5 5 5 4 4 4 5 8 7 Processor 4 | . . . . . . . 9 7 . 12 13 13 13 13 13 13 8 5 5 8 9 8 9 8 9 Hackware 1 | . . . . . . . 2 . . . . . . . . . . . 4 9 12 7 4 4 3 Protection 6 | . . 13 9 11 6 10 3 7 8 4 . . . . . . . . . . . 3 4 4 2 Energy Gun 8 | . 9 10 10 11 14 22 17 15 1 . . . . . . . . . . . . 2 3 . . Ballistic Gun 17 | . 18 17 31 33 22 21 12 . 27 20 . . . . . . . . . 8 13 7 2 . . Special Melee Weapon 1 | . . . 1 . 5 . . . . . . . . . . . 5 5 1 . . . . . . Peak Build Rating 203 | 7 11 17 26 26 42 51 56 54 53 56 55 55 58 56 52 54 65 70 77 139 146 174 202 198 203 Average Rating 61 | 4 8 15 23 25 32 37 48 54 45 51 51 52 55 54 50 50 62 66 67 110 137 167 178 182 151 On Entrance 65 | . 7 11 17 25 26 42 39 54 54 48 51 52 55 56 52 50 54 65 62 67 128 125 173 197 180 Naked Turns . | . . . . . . . . . . . . . . . . . . . . . . . . . . Heaviest Build 113 | 14 32 40 107 107 110 111 109 107 107 112 31 32 38 38 31 33 38 39 41 78 74 98 113 110 111 Greatest Support 110 | 26 26 10 40 12 40 12 60 10 80 80 34 34 34 34 34 34 40 40 40 97 91 103 105 110 110 Greatest Overweight (x) 10 | . 3 3 8 8 9 9 10 10 10 6 . 1 1 1 . . . . 1 1 . . 1 2 1 Average Overweight (x) 2 | . 1 3 4 8 8 8 8 10 3 1 . . . . . . . . . . . . . . . Largest Inventory Capacity 25 | 8 15 15 25 25 25 25 25 25 25 25 15 15 15 15 15 15 15 15 15 15 15 15 15 15 15 Average Capacity 20 | 7 12 15 21 25 25 25 25 25 25 22 15 15 15 15 15 15 15 15 15 15 15 15 15 15 12 Most Carried 25 | 4 15 15 25 25 25 25 25 25 25 25 15 15 15 15 13 15 15 15 15 15 15 15 15 15 9 Average Carried 19 | 2 9 14 20 24 22 24 24 25 24 22 14 14 14 13 12 13 14 14 14 14 14 13 14 12 5 Final Capacity 25 | 8 15 15 25 25 25 25 25 25 25 15 15 15 15 15 15 15 15 15 15 15 15 15 15 15 5 Final Carried 25 | 4 15 15 25 25 24 24 25 25 25 15 15 15 15 12 13 15 15 15 15 15 15 15 15 9 3 Class Distribution -------------------- 24% | Trapper-Tank 16% | Tank 11% | Mutant 7% | Sprinter 6% | Trapper-Gunner 6% | Machinist-Skirmisher 6% | Hacker-Skirmisher 5% | Scavenger-Gunner 4% | Gunner 4% | Machinist-Mutant 3% | Scavenger-Tank Dominant Class ---------------- Mutant | -10/Materials Mutant | -10/Mines Tank | -9/Materials Trapper-Tank | -9/Mines Trapper-Tank | -9/Exiles Tank | -8/Mines Gunner | -8/Materials Scavenger-Tank | -7/Factory Scavenger-Tank | -7/DSF Scavenger-Gunner | -6/Factory Sprinter | -6/Waste Sprinter | -6/Factory Sprinter | -6/Lower Caves Mutant | -6/Lower Caves Mutant | -6/Data Miner Sprinter | -5/Proximity Caves Sprinter | -5/Factory Sprinter | -5/DSF Sprinter | -4/Factory Scavenger-Skirmisher | -3/Research Hacker-Skirmisher | -3/Testing Hacker-Skirmisher | -2/Research Machinist-Skirmisher | -2/Quarantine Machinist-Mutant | -2/Section 7 Machinist-Skirmisher | -1/Access Resources | -11 -10 -10 -9 -9 -9 -8 -8 -7 -7 -6 -6 -6 -6 -6 -6 -5 -5 -5 -4 -3 -3 -2 -2 -2 -1 ----------- Run | Yrd Mat Min Mat Min Exi Min Mat Fac DSF Fac Was Fac Low Low Dat Pro Fac DSF Fac Res Tes Res Qua Sec Acc Matter Collected 8465 | 213 162 68 1111 80 604 268 356 . 243 344 352 21 75 8 . 101 . . . 810 433 375 1154 507 1180 Remotely . | . . . . . . . . . . . . . . . . . . . . . . . . . . Salvage Created 10922 | 19 247 78 1189 240 331 637 1042 . 314 365 . 50 47 130 . 22 . . 14 985 447 427 1359 884 2095 Parts 578 | 2 11 3 73 12 48 45 60 . 18 18 . 6 3 3 . 3 . . 3 62 22 19 75 21 71 Haulers Intercepted 11 | . . . 5 . . . 3 . 1 . . . . . . . . . . . . . 1 . 1 Recyclers Shooed 7 | . . . . . . . 1 . . 3 . . . . . . . . . 2 . . . 1 . Parts Field Recycled . | . . . . . . . . . . . . . . . . . . . . . . . . . . Retrieved Matter . | . . . . . . . . . . . . . . . . . . . . . . . . . . Parts Self-Destructed 2 | . . . . . . . . . . . . . . . . 2 . . . . . . . . . Prevented . | . . . . . . . . . . . . . . . . . . . . . . . . . . Kills | -11 -10 -10 -9 -9 -9 -8 -8 -7 -7 -6 -6 -6 -6 -6 -6 -5 -5 -5 -4 -3 -3 -2 -2 -2 -1 ------- Run | Yrd Mat Min Mat Min Exi Min Mat Fac DSF Fac Was Fac Low Low Dat Pro Fac DSF Fac Res Tes Res Qua Sec Acc Combat Hostiles Destroyed 147 | . 5 . 19 3 5 18 15 . 6 3 . 3 . 1 . . . . . 11 2 6 14 6 30 Melee 3 | . . . . . . . . . . . . 1 . . . . . . . . . . . . 2 Guns 78 | . 5 . 19 3 2 17 11 . 4 3 . . . . . . . . . 9 . 4 1 . . Cannons 34 | . . . . . . . . . . . . . . . . . . . . 2 1 2 . 2 27 AOE 18 | . . . . . 3 . 3 . 2 . . 2 . 1 . . . . . . . . 3 4 . Classes Destroyed 26 | 1 3 1 5 . 2 1 . . 2 . . . 1 1 . 1 . . . 1 1 1 1 . 4 Worker 12 | . 1 1 3 2 . . 2 . . 1 . . . . . . . . . . . . . . 2 Builder 9 | . . . 1 . . . 2 . . 1 . . . . . . . . 1 . 1 . . 2 1 Tunneler 1 | 1 . . . . . . . . . . . . . . . . . . . . . . . . . Hauler 11 | . . . 5 . . . 3 . 1 . . . . . . . . . . . . . 1 . 1 Recycler 19 | . . 1 3 1 . 2 2 . . 1 . . . . . . . . . 3 1 . 1 2 2 Minesweeper 1 | . . . . . . . . . . . . . . . . 1 . . . . . . . . . Mechanic 1 | . . . . . . . . . . . . . . . . . . . . . . . . . 1 Operator 3 | . . . 2 . . . 1 . . . . . . . . . . . . . . . . . . Watcher 10 | . 1 . 2 . . . 3 . . . . . . . . . . . . . 1 1 . 1 1 Swarmer 39 | . . . 7 . . 12 7 . 2 . . 3 . . . . . . . 4 . . . 4 . Cutter 1 | . . . . . . . . . . . . . . . . . . . . . . 1 . . . Saboteur 4 | . . . . . . . . . . . . . . . . . . . . . . . . . 4 Grunt 49 | . 5 . 10 3 . 4 5 . . 1 . . . . . . . . . . . 3 5 . 13 Brawler 5 | . . . . . . . . . . . . . . . . . . . . . . . 1 . 4 Duelist 4 | . . . . . . . . . . . . . . . . . . . . . . . . . 4 Protector 1 | . . . . . . . . . . . . . . . . . . . . . . . . . 1 Researcher 6 | . . . . . . . . . . . . . . . . . . . . . 1 . . 5 . Sentry 9 | . . . 2 . . . 3 . . 2 . . . . . . . . . . . 1 . 1 . Specialist 3 | . . . . . . . . . 3 . . . . . . . . . . . . . . . . Hunter 3 | . . . . . . 1 . . . . . . . . . . . . . . 2 . . . . Programmer 11 | . . . . . . . . . . . . . . . . . . . . 7 . 1 . . 3 Heavy 3 | . . . . . . . . . 1 . . . . . . . . . . . . . . 1 1 Quarantine Guard 8 | . . . . . . . . . . . . . . . . . . . . . . . 8 . . Investigator 1 | . . . . . . . . . . . . . . . . . . . . . . . . . 1 Zionite 6 | . . . . . 6 . . . . . . . . . . . . . . . . . . . . Samaritan 1 | . . . . . . . . . . . . . 1 . . . . . . . . . . . . Master Thief 1 | . . . . . . . . . . . . . . 1 . . . . . . . . . . . Assembled 7 | . . . . . 7 . . . . . . . . . . . . . . . . . . . . Best Kill Streak 29 | 1 2 1 7 3 4 4 10 . 3 2 . 2 . 1 . 1 . . 1 4 4 2 6 7 29 Combat Bots Only 22 | . 2 . 3 3 4 4 4 . 3 2 . 2 . 1 . . . . . 4 2 2 6 4 22 Max Kills in Single Turn 4 | 1 1 1 2 2 3 2 3 . 2 1 . 2 1 1 . 1 . . 1 1 1 1 2 4 2 Gunslinging 1 | . . . 1 . . 1 1 . . . . . . . . . . . . . . . . . . Exploded 3 | . . . . . 3 . 3 . 2 . . 2 . 1 . . . . . . . . 2 2 . Melee 1 | . . . . . . . . . . . . 1 . . . . . . . . . . . . 1 Uniques/NPCs Destroyed 5 | . . . . . 4 1 . . . . . . . . . . . . . . . . . . . 8R-AWN (-9/Exiles) EX-DEC (-9/Exiles) EX-HEX (-9/Exiles) EX-BIN (-9/Exiles) 12-ASH (-8/Mines) Combat | -11 -10 -10 -9 -9 -9 -8 -8 -7 -7 -6 -6 -6 -6 -6 -6 -5 -5 -5 -4 -3 -3 -2 -2 -2 -1 -------- Run | Yrd Mat Min Mat Min Exi Min Mat Fac DSF Fac Was Fac Low Low Dat Pro Fac DSF Fac Res Tes Res Qua Sec Acc Hostile Shots Fired 1505 | . 31 . 44 2 64 58 62 . 55 61 . 31 7 5 . 3 . 8 . 72 48 82 99 217 556 Missed 512 | . 7 . 14 2 8 12 12 . 15 25 . 17 2 . . . . 7 . 27 14 17 41 75 217 Hits 993 | . 24 . 30 . 56 46 50 . 40 36 . 14 5 5 . 3 . 1 . 45 34 65 58 142 339 Melee 32 | . . . . . . . . . 1 . . . . 5 . . . 1 . . . 1 . 4 20 Projectile 961 | . 24 . 30 . 56 46 50 . 39 36 . 14 5 . . 3 . . . 45 34 64 58 138 319 AOE 6 | . . . . . . . . . . . . . . . . . . 3 . . . 1 . . 2 Critical Strikes 59 | . . . . . 22 . 1 . 2 1 . . . . . . . . . 2 1 3 5 5 17 Part Disruptions 3 | . . . . . . . . . . . . . . . . . . . . 2 . . . 1 . Damage Taken 21054 | . 308 . 417 . 1656 578 649 . 716 500 . 152 98 116 . 60 . 119 36 1116 646 1405 1905 4030 6547 Core 2803 | . 43 . 56 . 50 67 79 . 62 38 . 35 21 43 . 21 . 25 18 95 103 159 395 184 1309 Absorbed by Shields 1610 | . . . . . . . . . . . . . . . . . . . 12 . . . . . 1598 Regen/Repaired (Parts) 3990 | . . . 16 . . . 14 . . . . . . . . . . . . . 128 505 513 1869 945 Core Remaining (%) 81 | 100 . 82 . . . 56 85 . 91 . . . . . . 81 . 97 98 . 84 . . 43 . Volleys Fired 542 | 4 27 5 53 7 61 27 39 . 17 23 . 3 . 7 . . . . 1 37 42 37 38 22 92 Largest 4 | 2 2 2 4 4 4 4 4 . 4 4 . 1 . 1 . . . . 1 4 4 4 4 1 4 Hottest 412 | 60 70 86 132 132 135 170 170 . 115 111 . 30 . 30 . . . . 30 203 211 299 299 300 412 Shots Fired 1301 | 8 54 10 205 28 153 101 110 . 62 84 . 3 . 7 . . . . 1 96 51 88 54 20 166 Gun 975 | 8 54 10 205 28 150 101 108 . 61 84 . . . . . . . . . 75 9 61 16 . 5 Cannon 283 | . . . . . . . . . . . . . . . . . . . . 21 38 27 25 15 157 Launcher 39 | . . . . . 3 . 2 . 1 . . 3 . 7 . . . . 1 . 4 . 13 5 . Special 4 | . . . . . . . . . . . . . . . . . . . . . . . . . 4 Kinetic 852 | 4 30 5 158 21 111 52 56 . 58 84 . . . . . . . . . 73 9 68 15 4 104 Thermal 332 | . 18 5 47 7 35 45 42 . 2 . . . . . . . . . . 21 34 20 26 11 19 Explosive 17 | . . . . . 3 . 2 . 1 . . 3 . 7 . . . . 1 . . . . . . Electromagnetic 96 | 4 6 . . . 4 4 10 . 1 . . . . . . . . . . 2 8 . 13 5 39 Robot Hit Streak 26 | 1 17 6 26 6 11 6 12 . 7 15 . . . . . . . . . 11 7 13 9 5 10 Robot Miss Streak 6 | 6 5 2 4 2 4 4 2 . 3 3 . . . 4 . . . . . 5 2 6 2 4 4 Penetration Max 2 | . . . . . . 1 . . . . . . . . . . . . . 1 . 1 . 2 2 Secondary Targets 12 | . 1 . 6 . . 3 1 . . . . . . . . . . . . 1 . . . . . Max Gunslinging Chain 1 | . 1 . 1 . . 1 1 . . . . . . . . . . . . 1 . . . . . Autonomous 15 | . . . . . . 4 10 . 1 . . . . . . . . . . . . . . . . Shots Hit Robots 758 | 1 37 7 120 11 110 46 75 . 40 55 . 1 1 4 . 2 . . 1 47 11 50 22 14 103 Core Hits 445 | 1 16 5 52 8 46 25 41 . 16 30 . 3 1 3 . 1 . . 1 25 12 20 52 28 59 Critical Kills 18 | . . . 1 . . 1 1 . . . . . . . . . . . . 4 . . 2 4 5 Critical Parts Destroyed 23 | . . . 1 . 6 . . . . . . . . . . . . . . . 1 . . 3 12 Critical Strikes 59 | . 1 . 4 . 7 2 2 . . . . . . . . . . . . 4 1 1 2 7 28 Burn 6 | . 1 . 2 . 1 1 1 . . . . . . . . . . . . . . . . . . Meltdown 1 | . . . . . . . . . . . . . . . . . . . . . . . 1 . . Destroy 42 | . . . 2 . 6 1 1 . . . . . . . . . . . . 4 1 . 1 7 19 Blast 8 | . . . . . . . . . . . . . . . . . . . . . . 1 . . 7 Corrupt 1 | . . . . . . . . . . . . . . . . . . . . . . . . . 1 Impale 1 | . . . . . . . . . . . . . . . . . . . . . . . . . 1 Melee Attacks 75 | . . . 1 . 4 . . . 3 6 . 2 2 5 . 18 . 13 1 6 . . 3 5 6 Impact 9 | . . . . . . . . . 3 . . . . . . . . . . 6 . . . . . Slashing 41 | . . . . . . . . . . 6 . 2 2 5 . 18 . . . . . . 3 5 . Piercing 19 | . . . . . . . . . . . . . . . . . . 13 . . . . . . 6 Sneak Attacks 9 | . . . 1 . 4 . . . . . . . 1 . . 1 . . 1 . . . . 1 . Combat Hostiles . | . . . . . . . . . . . . . . . . . . . . . . . . . . Follow-up Attacks . | . . . . . . . . . . . . . . . . . . . . . . . . . . Damage Inflicted 27372 | 13 427 89 1949 190 2077 848 1712 . 643 814 . 150 72 583 . 117 . . 34 1682 695 1794 2229 2637 8617 Guns 10428 | 13 427 89 1949 190 1584 848 1512 . 442 776 . . . . . . . . . 1031 75 1207 260 . 25 Cannons 11654 | . . . . . . . . . . . . . . . . . . . . 419 265 587 214 1628 8541 Explosions 4491 | . . . . . 493 . 200 . 201 . . 118 . 359 . . . . 34 232 355 . 1755 744 . Melee 780 | . . . . . . . . . . 38 . 32 72 224 . 117 . . . . . . . 248 49 Ramming 19 | . . . . . . . . . . . . . . . . . . . . . . . . 17 2 Kinetic 10956 | . 200 39 1301 122 1257 359 619 . 369 776 . . . . . . . . . 972 75 1387 273 . 3207 Thermal 9965 | . 160 50 648 68 324 390 627 . 41 . . . . . . . . . . 419 224 407 604 1628 4375 Explosive 1801 | . . . . . 493 . 134 . 201 . . 118 . 359 . . . . 34 232 . . . 230 . Electromagnetic 3851 | 13 67 . . . 3 99 332 . 32 . . . . . . . . . . 59 396 . 1352 514 984 Impact . | . . . . . . . . . . . . . . . . . . . . . . . . . . Slashing 731 | . . . . . . . . . . 38 . 32 72 224 . 117 . . . . . . . 248 . Piercing 49 | . . . . . . . . . . . . . . . . . . . . . . . . . 49 Highest Corruption 7 | . . . . . . 7 . . . 1 1 1 1 1 1 1 . . . . . . 7 7 . Average Corruption 3 | . . . . . . 6 . . . 1 1 1 1 1 1 1 . . . . . . 7 7 . Corruption Purged . | . . . . . . . . . . . . . . . . . . . . . . . . . . Corruption Blocked 26 | . . . . . . . . . . . . . . . . . . . . 11 . 6 9 . . Effects 33 | . . . . . . 1 . . . . 2 2 . . . 3 . . . . . . 7 18 . Message Errors 8 | . . . . . . . . . . . . . . . . . . . . . . . 3 5 . Matter Fused 6 | . . . . . . . . . . . . 2 . . . 1 . . . . . . 1 2 . Heat Flow Errors 3 | . . . . . . 1 . . . . . . . . . . . . . . . . 1 1 . Energy Discharges 2 | . . . . . . . . . . . 1 . . . . . . . . . . . . 1 . Parts Rejected 1 | . . . . . . . . . . . . . . . . . . . . . . . . 1 . Data Loss (minor) 9 | . . . . . . . . . . . 1 . . . . 2 . . . . . . 2 4 . Data Loss (major) 2 | . . . . . . . . . . . . . . . . . . . . . . . . 2 . Weapon Failures 2 | . . . . . . . . . . . . . . . . . . . . . . . . 2 . Overload Shots . | . . . . . . . . . . . . . . . . . . . . . . . . . . Overflow Damage 1577 | . . . . . 9 . . . 29 . . . . 74 . 36 . . . 54 34 27 . 262 1052 Projectiles 1324 | . . . . . . . . . . . . . . . . . . . . . 28 27 . 235 1034 Explosions 126 | . . . . . 9 . . . 29 . . . . 1 . . . . . 54 6 . . 27 . Melee 127 | . . . . . . . . . . . . . . 73 . 36 . . . . . . . . 18 Knockbacks 25 | . . . . . . . . . . . . . . . . . . . . . . 4 . . 21 Impact . | . . . . . . . . . . . . . . . . . . . . . . . . . . Kinetic 25 | . . . . . . . . . . . . . . . . . . . . . . 4 . . 21 Secondary . | . . . . . . . . . . . . . . . . . . . . . . . . . . Self-Inflicted Damage 351 | . . . . . . . . . 35 . . . . 118 . . . . 49 103 27 . . 18 1 Shots 11 | . . . . . . . . . 1 . . . . 4 . . . . 1 1 3 . . 1 . Rammed 3 | . . . . . . . . . . . . . . . . . . . . . . . . 2 1 Targets Rammed 3 | . . . . . . . . . . . . . . . . . . . . . . . . 2 1 Kicked . | . . . . . . . . . . . . . . . . . . . . . . . . . . Crushed . | . . . . . . . . . . . . . . . . . . . . . . . . . . Highest Temperature 352 | 40 117 96 288 242 315 352 336 . 26 124 1 1 4 1 1 1 7 . . 264 175 310 334 276 273 Average Temperature 93 | 24 41 37 90 88 81 133 113 . 8 38 1 1 4 1 1 1 7 . . 95 53 90 93 128 189 Received Heat Transfer 2219 | . 174 . 192 . . 135 234 . 63 201 . . 18 . . . . . . 9 . 144 153 387 509 Effects 12 | . . . . . . . 4 . . . . . . . . . . . . . . . 1 . 7 Shutdowns 1 | . . . . . . . . . . . . . . . . . . . . . . . 1 . . Energy Bleed 1 | . . . . . . . . . . . . . . . . . . . . . . . . . 1 Interference 9 | . . . . . . . 3 . . . . . . . . . . . . . . . . . 6 Short Circuit 1 | . . . . . . . 1 . . . . . . . . . . . . . . . . . . Siege Activations . | . . . . . . . . . . . . . . . . . . . . . . . . . . Martial Activations . | . . . . . . . . . . . . . . . . . . . . . . . . . . Shielding Activations . | . . . . . . . . . . . . . . . . . . . . . . . . . . Robots Disrupted . | . . . . . . . . . . . . . . . . . . . . . . . . . . Combat Hostiles . | . . . . . . . . . . . . . . . . . . . . . . . . . . Robots Corrupted 14 | . . . . . . 1 1 . . . . . . . . . . . . . 1 . 9 1 1 Combat Hostiles 13 | . . . . . . 1 1 . . . . . . . . . . . . . 1 . 9 . 1 Parts Fried 31 | . . . . . . . . . . . . . . . . . . . . . 2 . 16 8 5 Impact Corruptions . | . . . . . . . . . . . . . . . . . . . . . . . . . . Robots Melted 1 | . . . . . . . . . . . . . . . . . . . . . . . 1 . . Combat Hostiles 1 | . . . . . . . . . . . . . . . . . . . . . . . 1 . . Parts Melted 9 | . . . 3 . 2 1 1 . . . . . . . . . . . . . . . 2 . . Heat Transferred 7060 | . 555 111 1554 148 777 925 1321 . 74 . . . . . . . . . . 333 222 407 522 74 37 Parts Sabotaged 6 | . . . . . . . . . . . . . . . . . . . . . . . . 1 5 Parts Stolen 5 | . . . . . . . . . . . . . . 5 . . . . . . . . . . . Parts Stripped . | . . . . . . . . . . . . . . . . . . . . . . . . . . Power Chain Reactions 6 | . . . . . . . 1 . . . . . . . . . . . . . 1 . 4 . . Alert | -11 -10 -10 -9 -9 -9 -8 -8 -7 -7 -6 -6 -6 -6 -6 -6 -5 -5 -5 -4 -3 -3 -2 -2 -2 -1 ------- Run | Yrd Mat Min Mat Min Exi Min Mat Fac DSF Fac Was Fac Low Low Dat Pro Fac DSF Fac Res Tes Res Qua Sec Acc Maximum Alert Level 5 | . . . 1 . . . 1 . 1 . . 1 . . . . . . . . . . 2 5 5 Low Security (%) 68 | 100 100 100 4 100 . 100 88 100 43 100 100 39 . . . . 100 100 100 100 100 100 18 4 . Level 1 25 | . . . 95 . . . 11 . 56 . . 60 . . . . . . . . . . 77 57 . Level 2 1 | . . . . . . . . . . . . . . . . . . . . . . . 3 33 . Level 3 . | . . . . . . . . . . . . . . . . . . . . . . . . . . Level 4 . | . . . . . . . . . . . . . . . . . . . . . . . . . 2 Level 5 . | . . . . . . . . . . . . . . . . . . . . . . . . . . High Security . | . . . . . . . . . . . . . . . . . . . . . . . . . . Max Security 4 | . . . . . . . . . . . . . . . . . . . . . . . . 4 97 Sterilizations 1 | . . . . . . . . . 1 . . . . . . . . . . . . . . . . Peak Influence 5038 | 5 60 5 360 146 . 169 230 85 295 154 37 261 . . . . 9 20 35 166 138 80 415 1964 5038 Initial 1178 | . 3 . . 136 . . 64 85 59 154 37 . . . . . 9 6 4 12 87 51 19 204 1178 Average 256 | . 14 . 287 20 . 48 79 85 175 69 17 177 . . . . 7 12 18 56 78 21 257 393 3320 Influence Increases 9622 | 5 149 10 970 89 . 497 522 . 266 270 . 305 105 10 . 35 9 14 45 446 257 240 738 902 3738 Destroy 0b10 Robot/C 4360 | . 100 . 560 60 . 340 300 . 200 60 . 60 . . . . . . . 220 60 120 280 300 1700 Destroy 0b10 Robot/NC 460 | 5 10 10 100 15 . 10 65 . 10 15 . . . 10 . 5 . . 5 15 15 5 10 30 125 Destroy Leader 802 | . 32 . 140 10 . 60 62 . 30 10 . 10 . . . . . . . 40 12 22 92 44 238 Allied During Kill 650 | . . . 79 4 . . . . 21 . . . . . . . . . . . . . . 50 496 Successful Hack 358 | . 7 . 60 . . . 26 . . 61 . 24 . . . . 9 . . 8 66 . 83 14 . Disable Machine 570 | . . . . . . 30 . . . 15 . 90 . . . . . . . 45 60 30 120 105 75 Anti-Garrison Action 150 | . . . . . . . . . . . . . . . . . . . . . . . . . 150 Destroy Structure 1132 | . . . 1 . . 12 24 . 5 4 . 31 . . . . . 14 10 58 44 48 108 104 669 Partial Spotted 105 | . . . . . . . . . . 30 . 15 . . . . . . 30 15 . . . 15 . Lose Combat Pursuer 1035 | . . . 30 . . 45 45 . . 75 . 75 105 . . 30 . . . 45 . 15 45 240 285 Influence Decreases 6174 | . 154 10 620 439 . 332 499 103 56 459 106 54 154 110 102 20 15 13 30 315 321 297 409 450 1106 Entered New Map 1992 | . 2 . . 214 . . 101 103 26 141 69 . 94 40 102 . 6 3 6 13 69 41 16 160 786 Time Decay 3365 | . 152 10 580 225 . 321 358 . . 308 37 34 50 70 . 20 9 . 24 232 222 186 297 230 . Lost Part 651 | . . . . . . 11 40 . 30 10 . 20 10 . . . . 10 . 70 30 20 50 50 300 Lost Ally 70 | . . . 40 . . . . . . . . . . . . . . . . . . . . 10 20 Purge Threat 96 | . . . . . . . . . . . . . . . . . . . . . . 50 46 . . Squads Dispatched 87 | . 2 . 4 . . . 1 . 1 5 . 1 . . . . 1 3 . 4 3 5 1 16 40 Investigation 8 | . 1 . 2 . . . . . . 1 . 1 . . . . 1 . . . . . 1 1 . Extermination 8 | . . . . . . . . . . 1 . . . . . . . . . 2 1 2 . 2 . Reinforcement 25 | . 1 . 2 . . . 1 . 1 . . . . . . . . 3 . 2 2 3 . 6 4 Assault 39 | . . . . . . . . . . . . . . . . . . . . . . . . 6 33 Garrison 3 | . . . . . . . . . . 3 . . . . . . . . . . . . . . . Intercept 4 | . . . . . . . . . . . . . . . . . . . . . . . . 1 3 Searches Triggered . | . . . . . . . . . . . . . . . . . . . . . . . . . . Data Miner Redirects 1 | . . . . . . . . . . . . . . . . . . . . . . . . 1 . Construction Impeded 4 | . . . . . . . . . . . . . . . . . . . . 1 . . . 1 2 Haulers Reinforced 1 | . . . . . . . . . . . . . . . . . . . . . . . . . 1 Active Scanning Responses . | . . . . . . . . . . . . . . . . . . . . . . . . . . Cargo Convoy Interrupts . | . . . . . . . . . . . . . . . . . . . . . . . . . . Stealth | -11 -10 -10 -9 -9 -9 -8 -8 -7 -7 -6 -6 -6 -6 -6 -6 -5 -5 -5 -4 -3 -3 -2 -2 -2 -1 --------- Run | Yrd Mat Min Mat Min Exi Min Mat Fac DSF Fac Was Fac Low Low Dat Pro Fac DSF Fac Res Tes Res Qua Sec Acc Distress Signals 23 | . . . 3 . . . 4 . . 1 . 1 . . . . . . . 1 2 3 . 5 3 Communications Jammed 53 | . . . . . . . . . 2 1 . . . . . . . . . . 4 29 . . 17 Distress Signals 50 | . . . . . . . . . . . . . . . . . . . . . 4 29 . . 17 Times Spotted 448 | . 11 . 38 4 29 20 23 . 10 13 . 10 9 5 . 2 . 4 3 16 10 25 17 72 127 Peak Tracking Total 26 | . 4 . 5 3 6 4 6 . 3 6 . 4 8 5 . 2 . 4 3 5 8 7 6 25 26 Tactical Retreats 48 | . . . 2 . 14 2 2 . . 2 . 3 2 . . 1 . . . 2 . 1 2 6 9 Traps | -11 -10 -10 -9 -9 -9 -8 -8 -7 -7 -6 -6 -6 -6 -6 -6 -5 -5 -5 -4 -3 -3 -2 -2 -2 -1 ------- Run | Yrd Mat Min Mat Min Exi Min Mat Fac DSF Fac Was Fac Low Low Dat Pro Fac DSF Fac Res Tes Res Qua Sec Acc Traps Triggered 10 | . 1 . . . . . . . . 2 . . . . . . . 1 1 . 1 1 1 1 1 Indirectly . | . . . . . . . . . . . . . . . . . . . . . . . . . . Trap Hack Attempts 81 | . . . 81 . . . . . . . . . . . . . . . . . . . . . . Triggered 1 | . . . 1 . . . . . . . . . . . . . . . . . . . . . . Disarmed 1 | . . . 1 . . . . . . . . . . . . . . . . . . . . . . Reprogrammed 8 | . . . 8 . . . . . . . . . . . . . . . . . . . . . . Reused 6 | . . . . . . 6 . . . . . . . . . . . . . . . . . . . Traps Extracted 9 | . . . 8 . . 1 . . . . . . . . . . . . . . . . . . . Installed 7 | . . . . . . 7 . . . . . . . . . . . . . . . . . . . Triggered . | . . . . . . . . . . . . . . . . . . . . . . . . . . Most Traps Carried 8 | . . . 8 8 7 7 1 1 1 1 1 1 1 1 1 4 4 4 4 4 4 . . . . Machines | -11 -10 -10 -9 -9 -9 -8 -8 -7 -7 -6 -6 -6 -6 -6 -6 -5 -5 -5 -4 -3 -3 -2 -2 -2 -1 ---------- Run | Yrd Mat Min Mat Min Exi Min Mat Fac DSF Fac Was Fac Low Low Dat Pro Fac DSF Fac Res Tes Res Qua Sec Acc Machines Disabled 54 | . . . . . 12 2 . . . 1 . 6 . . . . . . . 3 4 2 8 10 6 Max in Single Turn 6 | . . . . . 2 1 . . . 1 . 6 . . . . . . . 1 1 1 1 1 1 Garrison Access 1 | . . . . . . . . . . . . . . . . . . . . . . . . . 1 Machines Repaired . | . . . . . . . . . . . . . . . . . . . . . . . . . . Machines Dismantled . | . . . . . . . . . . . . . . . . . . . . . . . . . . Machines Sabotaged . | . . . . . . . . . . . . . . . . . . . . . . . . . . Overloaded Fab Kills . | . . . . . . . . . . . . . . . . . . . . . . . . . . Hacking | -11 -10 -10 -9 -9 -9 -8 -8 -7 -7 -6 -6 -6 -6 -6 -6 -5 -5 -5 -4 -3 -3 -2 -2 -2 -1 --------- Run | Yrd Mat Min Mat Min Exi Min Mat Fac DSF Fac Was Fac Low Low Dat Pro Fac DSF Fac Res Tes Res Qua Sec Acc Machines Accessed 69 | . 2 1 8 . 2 . 4 1 . 10 . 3 1 1 4 . 2 . 1 3 9 2 8 7 . Terminals 42 | . 2 . 5 . . . 2 1 . 8 . 3 . 1 . . 2 . . 1 4 1 6 6 . Fabricators 2 | . . . . . . . . . . . . . . . . . . . . 1 1 . . . . Repair Stations 5 | . . . 1 . . . 1 . . . . . . . . . . . . 1 1 1 . . . Recycling Units . | . . . . . . . . . . . . . . . . . . . . . . . . . . Scanalyzers 9 | . . . 2 . . . 1 . . 1 . . . . . . . . . . 3 . 1 1 . Garrison Access 3 | . . . . . . . . . . 1 . . . . . . . . 1 . . . 1 . . Total Hacks 219 | . 5 1 33 . 5 . 28 1 . 24 . 7 1 1 27 . 5 . 2 16 22 4 22 15 . Successful 141 | . 2 1 22 . 5 . 18 1 . 11 . 1 1 1 27 . 2 . . 10 18 3 11 7 . Failed 77 | . 2 . 11 . . . 10 . . 13 . 6 . . . . 3 . 2 6 4 1 11 8 . Catastrophic 11 | . . . 1 . . . . . . 5 . 2 . . . . . . . . . . 2 1 . Database Lockouts 1 | . 1 . . . . . . . . . . . . . . . . . . . . . . . . Manual 44 | . 5 . 9 . 1 . 7 . . 3 . 1 . . . . 2 . . 1 5 . 5 5 . Terminals 100 | . 5 . 17 . . . 8 1 . 16 . 7 . 1 . . 5 . . 2 9 2 16 11 . Fabricators 14 | . . . . . . . . . . . . . . . . . . . . 11 3 . . . . Repair Stations 19 | . . . 2 . . . 10 . . . . . . . . . . . . 3 2 2 . . . Recycling Units . | . . . . . . . . . . . . . . . . . . . . . . . . . . Scanalyzers 46 | . . . 14 . . . 10 . . 6 . . . . . . . . . . 8 . 4 4 . Garrison Access 6 | . . . . . . . . . . 2 . . . . . . . . 2 . . . 2 . . Terminal Hacks 70 | . 2 1 6 . 5 . 1 1 . 6 . . 1 1 27 . 1 . . 1 6 1 6 4 . Record 17 | . . . . . 4 . . . . . . . . 1 11 . . . . . . . 1 . . Part Schematic 13 | . 2 . . . . . . . . 1 . . . . 9 . . . . . 1 . . . . Robot Schematic 4 | . . . . . . . . . . . . . . . 4 . . . . . . . . . . Robot Analysis 1 | . . . 1 . . . . . . . . . . . . . . . . . . . . . . Prototype ID Bank 5 | . . . 1 . . . . . . . . . . . 3 . . . . . 1 . . . . Open Door 6 | . . 1 . . . . . . . . . . 1 . . . . . . . 1 . 1 2 . Open DSF 2 | . . . . . . . . 1 . . . . . . . . 1 . . . . . . . . Level Access Points 1 | . . . . . . . . . . . . . . . . . . . . . 1 . . . . Branch Access Points 2 | . . . . . . . . . . 1 . . . . . . . . . 1 . . . . . Machine Index 1 | . . . . . . . . . . . . . . . . . . . . . . . 1 . . Terminal Index 2 | . . . . . . . . . . 1 . . . . . . . . . . 1 . . . . Unreport Threat 2 | . . . . . . . . . . . . . . . . . . . . . . 1 1 . . Locate Traps 5 | . . . 2 . . . 1 . . 1 . . . . . . . . . . . . 1 . . Registered Components 2 | . . . 1 . . . . . . . . . . . . . . . . . . . 1 . . Registered Prototypes 2 | . . . 1 . . . . . . . . . . . . . . . . . 1 . . . . Zone Layout 3 | . . . . . . . . . . 2 . . . . . . . . . . . . . 1 . Proto ID Catalog 1 | . . . . . 1 . . . . . . . . . . . . . . . . . . . . Activate Exoskeleton 1 | . . . . . . . . . . . . . . . . . . . . . . . . 1 . Fabricator Hacks 10 | . . . . . . . . . . . . . . . . . . . . 8 2 . . . . Network Status 1 | . . . . . . . . . . . . . . . . . . . . . 1 . . . . Load Schematic 4 | . . . . . . . . . . . . . . . . . . . . 4 . . . . . Build 5 | . . . . . . . . . . . . . . . . . . . . 4 1 . . . . Repair Station Hacks 12 | . . . 2 . . . 5 . . . . . . . . . . . . 1 2 2 . . . Scan Component 7 | . . . 1 . . . 3 . . . . . . . . . . . . 1 1 1 . . . Repair 5 | . . . 1 . . . 2 . . . . . . . . . . . . . 1 1 . . . Recycling Unit Hacks . | . . . . . . . . . . . . . . . . . . . . . . . . . . Scanalyzer 33 | . . . 12 . . . 8 . . 4 . . . . . . . . . . 4 . 3 2 . Insert Component 19 | . . . 6 . . . 4 . . 2 . . . . . . . . . . 3 . 2 2 . Analyze 14 | . . . 6 . . . 4 . . 2 . . . . . . . . . . 1 . 1 . . Garrison Access Hacks . | . . . . . . . . . . . . . . . . . . . . . . . . . . Unauthorized Hacks 16 | . . . 2 . . . 4 . . 1 . 1 . . . . 1 . . . 4 . 2 1 . Terminals 13 | . . . 2 . . . 4 . . 1 . 1 . . . . 1 . . . 2 . 1 1 . Track 1 | . . . . . . . . . . . . . . . . . . . . . . . 1 . . Assimilate 1 | . . . . . . . . . . . . . . . . . . . . . . . . 1 . Botnet 9 | . . . 2 . . . 2 . . 1 . 1 . . . . 1 . . . 2 . . . . Operators 1 | . . . . . . . 1 . . . . . . . . . . . . . . . . . . Skim 1 | . . . . . . . 1 . . . . . . . . . . . . . . . . . . Fabricators 1 | . . . . . . . . . . . . . . . . . . . . . 1 . . . . Liberate 1 | . . . . . . . . . . . . . . . . . . . . . 1 . . . . Repair Stations . | . . . . . . . . . . . . . . . . . . . . . . . . . . Recycling Units . | . . . . . . . . . . . . . . . . . . . . . . . . . . Scanalyzers 2 | . . . . . . . . . . . . . . . . . . . . . 1 . 1 . . Researchers 2 | . . . . . . . . . . . . . . . . . . . . . 1 . 1 . . Garrison Access . | . . . . . . . . . . . . . . . . . . . . . . . . . . Data Cores Recovered 1 | . . . . . . . 1 . . . . . . . . . . . . . . . . . . Used . | . . . . . . . . . . . . . . . . . . . . . . . . . . Hacking Detections 52 | . 2 . 8 . . . 4 . . 10 . 3 . . . . 2 . 1 3 6 2 5 6 . Full Trace Events 5 | . . . 1 . . . . . . 1 . 1 . . . . 1 . . . . . . 1 . Feedback Events 1 | . . . . . . . . . . 1 . . . . . . . . . . . . . . . Corruption 1 | . . . . . . . . . . 1 . . . . . . . . . . . . . . . Feedback Blocked . | . . . . . . . . . . . . . . . . . . . . . . . . . . Robot Schematics Acquired 10 | . . . . . . . . . . . . . . . 4 . . . . . . . 1 5 . Robots Built . | . . . . . . . . . . . . . . . . . . . . . . . . . . Authchips . | . . . . . . . . . . . . . . . . . . . . . . . . . . Time . | . . . . . . . . . . . . . . . . . . . . . . . . . . Total Robot Build Rating . | . . . . . . . . . . . . . . . . . . . . . . . . . . Part Schematics Acquired 44 | . 2 . 6 . . . 4 . . 3 . . . . 9 . . . . . 7 . 3 10 . Parts Built 8 | . . . . . . . . . . . . . . . . . . . . 7 1 . . . . Authchips 4 | . . . . . . . . . . . . . . . . . . . . 4 . . . . . Time 281 | . . . . . . . . . . . . . . . . . . . . 239 42 . . . . Total Part Build Rating 61 | . . . . . . . . . . . . . . . . . . . . 53 8 . . . . Parts Repaired 5 | . . . 1 . . . 2 . . . . . . . . . . . . . 1 1 . . . Time 254 | . . . 30 . . . 165 . . . . . . . . . . . . . 25 34 . . . Parts Recycled . | . . . . . . . . . . . . . . . . . . . . . . . . . . Recycled Matter . | . . . . . . . . . . . . . . . . . . . . . . . . . . Retrieved Matter . | . . . . . . . . . . . . . . . . . . . . . . . . . . Retrieved Components . | . . . . . . . . . . . . . . . . . . . . . . . . . . Parts Scanalyzed 14 | . . . 6 . . . 4 . . 2 . . . . . . . . . . 1 . 1 . . Part Schematics Acquired 14 | . . . 6 . . . 4 . . 2 . . . . . . . . . . 1 . 1 . . Parts Damaged 4 | . . . 1 . . . 2 . . . . . . . . . . . . . . . 1 . . Bothacking | -11 -10 -10 -9 -9 -9 -8 -8 -7 -7 -6 -6 -6 -6 -6 -6 -5 -5 -5 -4 -3 -3 -2 -2 -2 -1 ------------ Run | Yrd Mat Min Mat Min Exi Min Mat Fac DSF Fac Was Fac Low Low Dat Pro Fac DSF Fac Res Tes Res Qua Sec Acc Used RIF Installer . | . . . . . . . . . . . . . . . . . . . . . . . . . . Robots Hacked 6 | . . . . . 4 . . . . . . . . . . . . . 1 . . . . . 1 Non-combat 4 | . . . . . 3 . . . . . . . . . . . . . 1 . . . . . . Combat 2 | . . . . . 1 . . . . . . . . . . . . . . . . . . . 1 Robot Hacks Applied 6 | . . . . . 4 . . . . . . . . . . . . . 1 . . . . . 1 parse_system 5 | . . . . . 4 . . . . . . . . . . . . . . . . . . . 1 find_chute 1 | . . . . . . . . . . . . . . . . . . . 1 . . . . . . Relay Couplers Released 3 | . . . . . . . . . . . . . . . . . . . . . . . . . 3 Machine Destruction 3 | . . . . . . . . . . . . . . . . . . . . . . . . . 3 Fabnet Peak Effective % . | . . . . . . . . . . . . . . . . . . . . . . . . . . Robots Rewired . | . . . . . . . . . . . . . . . . . . . . . . . . . . Allies Hacked . | . . . . . . . . . . . . . . . . . . . . . . . . . . Hacks Repelled . | . . . . . . . . . . . . . . . . . . . . . . . . . . Allies | -11 -10 -10 -9 -9 -9 -8 -8 -7 -7 -6 -6 -6 -6 -6 -6 -5 -5 -5 -4 -3 -3 -2 -2 -2 -1 -------- Run | Yrd Mat Min Mat Min Exi Min Mat Fac DSF Fac Was Fac Low Low Dat Pro Fac DSF Fac Res Tes Res Qua Sec Acc Total Allies 5 | . . 3 . . . . . . . . . . . . . . . . . . . . . 2 . Largest Group 3 | . . 3 3 1 1 . . . . . . . . . . . . . . . . . . 1 1 Highest-Rated Group 1204 | . . 40 40 16 16 . . . . . . . . . . . . . . . . . . 1204 1204 Highest-Rated Ally 1204 | . . 16 16 16 16 . . . . . . . . . . . . . . . . . . 1204 1204 Initial Warlord ECA Mod 116 | . . . . . . . . . . 9 9 9 9 9 9 8 8 8 7 6 6 5 5 5 4 Total Orders 5 | . . . . . 5 . . . . . . . . . . . . . . . . . . . . STAY 3 | . . . . . 3 . . . . . . . . . . . . . . . . . . . . FOLLOW 2 | . . . . . 2 . . . . . . . . . . . . . . . . . . . . Ally Attacks 257 | . . . 58 . 9 . . . 15 . . . . . . . . . . . . . . 8 167 Total Damage 21080 | . . . 575 . 16 . . . 823 . . . . . . . . . . . . . . 1012 18654 Kills 93 | . . . 13 . . . . . 4 . . . . . . . . . . . . . . 5 71 Allies Corrupted . | . . . . . . . . . . . . . . . . . . . . . . . . . . Allies Melted . | . . . . . . . . . . . . . . . . . . . . . . . . . . Turrets Deployed 1 | . . . . . . . . . 1 . . . . . . . . . . . . . . . . Intel | -11 -10 -10 -9 -9 -9 -8 -8 -7 -7 -6 -6 -6 -6 -6 -6 -5 -5 -5 -4 -3 -3 -2 -2 -2 -1 ------- Run | Yrd Mat Min Mat Min Exi Min Mat Fac DSF Fac Was Fac Low Low Dat Pro Fac DSF Fac Res Tes Res Qua Sec Acc Active Infowar (turns) 6659 | 7 605 15 . . 1 4 990 19 311 709 100 92 55 92 18 319 26 111 64 618 476 578 509 515 425 Optics 53 | . . . . . . . . . . 53 . . . . . . . . . . . . . . . Sensors 3546 | . . . . . . . . . . . . . 48 92 18 316 26 64 62 559 476 541 509 515 320 A.S.S. 102 | . . . . . . . . . . . . . . . . . . . . . . . . . 102 Seismic 627 | 7 605 15 . . . . . . . . . . . . . . . . . . . . . . . Decoding 1028 | . . . . . . 4 990 19 15 . . . . . . . . . . . . . . . . T.N.C. 873 | . . . . . . . . . . 674 100 92 7 . . . . . . . . . . . . Cloaking 235 | . . . . . 1 . . . . . . . . . . 3 . 47 6 178 . . . . . Jamming 1583 | . . . . . . . . . 296 558 19 . . . . . . . . 59 75 307 78 . 191 Robot Analysis Total 1 | . . . 1 . . . . . . . . . . . . . . . . . . . . . . Derelict Logs Recovered 9 | . . 2 . 3 . . . . . . . . . 1 . 3 . . . . . . . . . Drone Launches . | . . . . . . . . . . . . . . . . . . . . . . . . . . Drone Recoveries . | . . . . . . . . . . . . . . . . . . . . . . . . . . Decoded 0b10 Intel 21 | . . . . . . . 20 1 . . . . . . . . . . . . . . . . . Patrols 9 | . . . . . . . 9 . . . . . . . . . . . . . . . . . . Reinforcements 3 | . . . . . . . 3 . . . . . . . . . . . . . . . . . . Guards 9 | . . . . . . . 8 1 . . . . . . . . . . . . . . . . . Exploration | -11 -10 -10 -9 -9 -9 -8 -8 -7 -7 -6 -6 -6 -6 -6 -6 -5 -5 -5 -4 -3 -3 -2 -2 -2 -1 ------------- Run | Yrd Mat Min Mat Min Exi Min Mat Fac DSF Fac Was Fac Low Low Dat Pro Fac DSF Fac Res Tes Res Qua Sec Acc Turns Passed 15269 | 77 605 820 1884 1421 2470 1257 1041 19 387 709 100 92 101 156 18 329 26 111 64 752 476 578 716 523 537 Spaces Moved 10436 | 59 346 468 875 663 992 529 327 9 108 676 342 269 229 182 77 659 96 113 175 628 486 527 670 605 326 Core 45 | 8 . . . . . . . . . . . . . . . . . . . . . . . . 37 Treads 357 | . 131 . 3 . 54 . 4 . 79 86 . . . . . . . . . . . . . . . Legs . | . . . . . . . . . . . . . . . . . . . . . . . . . . Wheels 4258 | 51 215 468 872 663 938 529 323 9 29 161 . . . . . . . . . . . . . . . Hover 3035 | . . . . . . . . . . . . . . . . . . . . 477 486 527 670 605 270 Flight 2741 | . . . . . . . . . . 429 342 269 229 182 77 659 96 113 175 151 . . . . 19 Fastest Speed 20 | 50 90 125 130 210 195 210 195 230 215 23 23 23 23 23 23 23 20 20 20 20 43 49 55 56 40 Average Speed 107 | 85 142 125 169 210 221 211 216 230 242 80 23 23 28 68 23 23 20 20 23 48 48 51 58 60 60 Slowest Speed 330 | 100 240 125 330 210 330 225 250 230 250 247 23 96 93 93 23 23 23 20 90 147 54 55 126 214 127 Overloaded Moves 44 | . . . . . . . . . . . . . . . . . . . . . 44 . . . . Propulsion Burnouts . | . . . . . . . . . . . . . . . . . . . . . . . . . . Robots Hopped 12 | . . . . . . . . . . 8 2 . . . . . . 1 . . . . . . 1 Potential Cave-ins 7 | . . . . . . . . . . . . . . . . . . . . . 3 . . 4 . Cave-ins Triggered . | . . . . . . . . . . . . . . . . . . . . . . . . . . Teleports 1 | . . . . . . . . . . . . . . . . . . . . . . . . 1 . Exploration Rate (%) 49 | 5 51 98 68 99 90 94 39 1 76 22 94 10 38 44 68 65 3 87 7 18 40 25 73 55 13 Regions Visited 25 Branch Regions 11 Pre-discovered Areas 7 | . . . . 3 1 . . . . . . . 1 1 1 . . . . . . . . . . Known Exits Taken 16 | . . . 1 . . 1 1 1 . . . 1 1 1 1 1 1 . 1 1 1 1 1 1 . Unknown Exits Taken 5 | 1 1 1 . 1 1 . . . . . . . . . . . . . . . . . . . . Scrap Searched 11 | . . . . 2 . 1 . . . . . . 4 2 . 2 . . . . . . . . . Spaces Dug 103 | . . . . . . . . . 2 3 . 1 1 22 . 16 . 7 . 7 23 6 10 2 3 Terrain Destroyed 411 | . . . . . 19 16 26 . 4 5 . 29 1 39 . 16 . 7 5 27 30 18 47 58 64 Melee 37 | . . . . . . . . . 2 3 . 1 1 . . 16 . 7 . 4 . . . . 3 Projectile 182 | . . . . . . 5 1 . . 2 . . . . . . . . . 10 22 18 13 50 61 AOE 192 | . . . . . 19 11 25 . 2 . . 28 . 39 . . . . 5 13 8 . 34 8 . Terrain Rammed . | . . . . . . . . . . . . . . . . . . . . . . . . . . Walls Destroyed . | . . . . . . . . . . . . . . . . . . . . . . . . . . Machines Disabled . | . . . . . . . . . . . . . . . . . . . . . . . . . . Actions | -11 -10 -10 -9 -9 -9 -8 -8 -7 -7 -6 -6 -6 -6 -6 -6 -5 -5 -5 -4 -3 -3 -2 -2 -2 -1 --------- Run | Yrd Mat Min Mat Min Exi Min Mat Fac DSF Fac Was Fac Low Low Dat Pro Fac DSF Fac Res Tes Res Qua Sec Acc Total 13406 | 74 407 698 1161 678 1140 606 582 8 199 783 362 291 260 197 77 806 101 172 199 997 675 765 943 720 505 Wait 1535 | 1 13 210 89 3 40 19 177 . 30 34 11 12 24 . . 124 . 23 10 255 107 160 156 35 2 Move 10390 | 58 345 467 874 662 991 528 326 8 107 662 337 268 228 181 76 658 95 110 174 627 485 526 669 604 324 Hop 10 | . . . . . . . . . . 6 2 . . . . . . 1 . . . . . . 1 Pick Up 175 | 4 13 4 19 2 15 7 15 . 13 7 3 2 1 3 . 2 2 1 . 12 8 12 16 9 5 Fast Attach 106 | 7 . 1 9 . 1 . 7 . 3 6 2 2 1 . . 1 1 1 . 16 1 3 12 19 13 Attach 103 | . 2 1 2 . 11 5 4 . 6 10 . 1 1 . . . 2 . 6 11 1 10 6 8 16 Detach 23 | . . . . . . 2 . . . . . . . . 1 . . . 6 3 . 3 2 . 6 Swap 118 | . 4 3 11 1 7 6 2 . 8 5 1 . 1 1 . 3 . 3 1 13 17 7 14 7 3 Drop 182 | . 3 7 22 3 9 5 12 . 11 24 6 1 2 . . . 1 2 . 17 10 7 27 9 4 Fire 542 | 4 27 5 53 7 61 27 39 . 17 23 . 3 . 7 . . . . 1 37 42 37 38 22 92 Melee 75 | . . . 1 . 4 . . . 3 6 . 2 2 5 . 18 . 13 1 6 . . 3 5 6 Ram 3 | . . . . . . . . . . . . . . . . . . . . . . . . 2 1 Kick . | . . . . . . . . . . . . . . . . . . . . . . . . . . Crush . | . . . . . . . . . . . . . . . . . . . . . . . . . . Escape Stasis 54 | . . . . . . . . . . . . . . . . . . 18 . . 4 . . . 32 Rewire 2 | . . . . . 1 . . . 1 . . . . . . . . . . . . . . . . Trap 88 | . . . 81 . . 7 . . . . . . . . . . . . . . . . . . . Miscellaneous . | . . . . . . . . . . . . . . . . . . . . . . . . . . Route ------- -11/Scrapyard -10/Materials (discovered 2 exits: *Mat / *Min) -10/Mines (discovered 2 exits: *Mat x2) -9/Materials (discovered 5 exits: *Mat x3 / *Min x2) -9/Mines (discovered 4 exits: *Mat x2 / *Exi / [*Zio]) -9/Exiles -8/Mines (discovered 2 exits: *Mat x2) -8/Materials (discovered 2 exits: *Fac x2) -7/Factory (discovered 2 exits: Sto / DSF) -7/DSF -6/Factory (discovered 2 exits: Low x2) -6/Waste -6/Factory -6/Lower Caves -6/Lower Caves -6/Data Miner -5/Proximity Caves -5/Factory (discovered 3 exits: Fac / Upp / DSF) -5/DSF -4/Factory -3/Research (discovered 4 exits: *Res / *Arm / *Tes x2) -3/Testing -2/Research -2/Quarantine (discovered 2 exits: *Sec / [*Frg]) -2/Section 7 -1/Access History --------- Turn | Location | Event 3 | -11/Scrapyard | Discovered new exit (range 15) 78 | -11/Scrapyard | Entered Materials 312 | -10/Materials | Build established: Mutant 313 | -10/Materials | Discovered new exit (range 15) 648 | -10/Materials | Discovered new exit (range 16) 670 | -10/Materials | Central database locked down 678 | -10/Materials | Derelicts attacked the area 683 | -10/Materials | Entered Mines 687 | -10/Mines | Met a Derelict who couldn't figure out how to use a Trap Extractor 946 | -10/Mines | Learned 4 Materials zone layouts 1051 | -10/Mines | Received a Rocket Launcher from a helpful Derelict 1118 | -10/Mines | Discovered new exit (range 5) 1258 | -10/Mines | Assisted by bots powering up and referring to "LRC-V3" 1455 | -10/Mines | Discovered new exit (range 11) 1503 | -10/Mines | Entered Materials 1503 | -9/Materials | Accompanied by 3 allies 1503 | -9/Materials | Evolved 2 slots: Weapon x2 1504 | -9/Materials | Identified exit to Materials 1504 | -9/Materials | Identified exit to Mines 1874 | -9/Materials | Build established: Tank 2004 | -9/Materials | Discovered exit to Mines (range 8) 2221 | -9/Materials | Discovered exit to Materials (range 15) 2412 | -9/Materials | Repaired Broken Imp. Trap Extractor? 2980 | -9/Materials | Build established: Trapper-Tank 3020 | -9/Materials | Discovered exit to Materials (range 15) 3387 | -9/Materials | Entered Mines 3387 | -9/Mines | Accompanied by 1 ally 3415 | -9/Mines | Met a Derelict bent on vengeance 3422 | -9/Mines | A weapon hastily lodged in a ceiling crevice suddenly fell to the ground 3469 | -9/Mines | A Derelict revealed a hidden shortcut to a safe place 3661 | -9/Mines | Learned 2 Materials zone layouts 3692 | -9/Mines | Discovered new exit (range 6) 3750 | -9/Mines | Learned location of Storage (-7) 3789 | -9/Mines | Deemed a non-threat by the Exiles lab entrance 3904 | -9/Mines | Discovered exit to Materials (range 13) 3971 | -9/Mines | Learned location of Zion (-7) 4304 | -9/Mines | Discovered exit to Materials (range 5) 4325 | -9/Mines | Joined a pair of Derelicts in attacking an 0b10 outpost 4808 | -9/Mines | Entered Exiles 4808 | -9/Exiles | Accompanied by 1 ally 4859 | -9/Exiles | Met 8R-AWN 4900 | -9/Exiles | Met EX-HEX 4960 | -9/Exiles | Met EX-BIN 4991 | -9/Exiles | Aligned with FarCom system 4993 | -9/Exiles | Given EX-Vault access code 5041 | -9/Exiles | Opened EX-Vault 5057 | -9/Exiles | Found Trap Reconfigurator 5095 | -9/Exiles | Warned to stay clear of 0b10 Research branches 5220 | -9/Exiles | Found Cloak of Protection 5337 | -9/Exiles | Met EX-DEC 5517 | -9/Exiles | Build established: Trapper-Gunner 6120 | -9/Exiles | Attacked by the Exiles 6145 | -9/Exiles | Murdered 3 allies 6187 | -9/Exiles | Destroyed 8R-AWN 6200 | -9/Exiles | Found 8R-AWN's Boregun 6212 | -9/Exiles | Found Exp. Targeting Computer 6422 | -9/Exiles | Lost 8 parts (1p1n2u4w) 6495 | -9/Exiles | Build established: Trapper-Tank 6555 | -9/Exiles | Destroyed EX-DEC 6644 | -9/Exiles | Destroyed EX-HEX 6683 | -9/Exiles | Destroyed EX-BIN 6788 | -9/Exiles | Found AWS/EX-DEC 6795 | -9/Exiles | Found Deploy-a-Sentry 7258 | -9/Exiles | Discovered new exit (range 11) 7278 | -9/Exiles | Stole two prototypes: Trap Reconfigurator, Deploy-a-Sentry 7278 | -9/Exiles | Entered Mines 7373 | -8/Mines | 12-ASH came to Exiles' defense 7376 | -8/Mines | Destroyed 12-ASH 7595 | -8/Mines | Discovered exit to Materials (range 7) 7651 | -8/Mines | Build established: Tank 8502 | -8/Mines | Discovered exit to Materials (range 9) 8535 | -8/Mines | Entered Materials 8535 | -8/Materials | Evolved 2 slots: Propulsion x1, Utility x1 8536 | -8/Materials | Identified exit to Factory 8714 | -8/Materials | Repaired Broken Gravmag Array 8809 | -8/Materials | Build established: Gunner 8810 | -8/Materials | Repaired Broken Adv. Weapon Cycler 9395 | -8/Materials | Build established: Tank 9507 | -8/Materials | Discovered exit to Factory (range 5) 9576 | -8/Materials | Entered Factory 9576 | -7/Factory | Evolved 2 slots: Propulsion x2 9577 | -7/Factory | Identified exit to Storage 9595 | -7/Factory | Identified exit to DSF 9595 | -7/Factory | Entered DSF 9681 | -7/DSF | Additional patrols routed to DSF 9696 | -7/DSF | DAS Turret deployed 9718 | -7/DSF | Build established: Scavenger-Tank 9919 | -7/DSF | Sterilization system engaged 9937 | -7/DSF | Discovered new exit (range 14) 9939 | -7/DSF | Ambient heat levels rising (+10) 9954 | -7/DSF | Ambient heat levels rising (+10) 9969 | -7/DSF | Ambient heat levels rising (+10) 9982 | -7/DSF | Entered Factory 9982 | -6/Factory | Evolved 2 slots: Utility x2 10312 | -6/Factory | Garrison activated, responded to threat 10328 | -6/Factory | Build established: Scavenger-Gunner 10618 | -6/Factory | Identified exit to Lower Caves 10655 | -6/Factory | Spotted B-75 Beast 10691 | -6/Factory | Sucked down chute 10691 | -6/Factory | Entered Waste 10691 | -6/Waste | The area was eerily silent 10764 | -6/Waste | Discovered new exit (range 13) 10791 | -6/Waste | Entered Factory 10805 | -6/Factory | Build established: Sprinter 10879 | -6/Factory | Discovered exit to Lower Caves (range 13) 10883 | -6/Factory | Entered Lower Caves 10899 | -6/Lower Caves | Met a Warlord Commander 10900 | -6/Lower Caves | Learned location of Warlord (-4) 10901 | -6/Lower Caves | Warlord Commander delivered Encrypted Comm Array 10934 | -6/Lower Caves | Attracted the attention of an 0b10 outpost 10960 | -6/Lower Caves | Discovered new exit (range 8) 10962 | -6/Lower Caves | Identified exit to Lower Caves 10984 | -6/Lower Caves | Entered another Lower Caves area 11097 | -6/Lower Caves | Spotted NX-R6V(f) 11099 | -6/Lower Caves | Encountered a Master Thief 11099 | -6/Lower Caves | Spotted KJ-7LE(f) 11099 | -6/Lower Caves | Trap Reconfigurator stolen by Master Thief 11099 | -6/Lower Caves | Spotted 35-NX7(f) 11100 | -6/Lower Caves | Encountered a Master Thief 11100 | -6/Lower Caves | Encountered a Master Thief 11100 | -6/Lower Caves | Spotted XW-0R6(f) 11101 | -6/Lower Caves | Encountered a Master Thief 11101 | -6/Lower Caves | 8R-AWN's Boregun stolen by Master Thief 11102 | -6/Lower Caves | Cmb. Antigrav System stolen by Master Thief 11102 | -6/Lower Caves | Destroyed KJ-7LE(f) 11103 | -6/Lower Caves | Broken Impulse Thruster Array stolen by Master Thief 11108 | -6/Lower Caves | Spotted 5W-GII(f) 11109 | -6/Lower Caves | Encountered a Master Thief 11110 | -6/Lower Caves | Adv. Weapon Cycler stolen by Master Thief 11128 | -6/Lower Caves | Discovered new exit (range 3) 11128 | -6/Lower Caves | Identified exit to Data Miner 11140 | -6/Lower Caves | Entered Data Miner 11140 | -6/Data Miner | Discovered new exit (range 7) 11142 | -6/Data Miner | Identified exit to Proximity Caves 11146 | -6/Data Miner | Met Data Miner 11150 | -6/Data Miner | Learned location of Section 7 (-2) 11150 | -6/Data Miner | Acquired the access code to Warlord's prototype stash 11153 | -6/Data Miner | Received God Mode back door access code from Data Miner 11158 | -6/Data Miner | Entered Proximity Caves 11374 | -5/Proximity Caves | Learned 4 Factory zone layouts 11382 | -5/Proximity Caves | Learned Factory stockpile data 11448 | -5/Proximity Caves | Discovered new exit (range 15) 11451 | -5/Proximity Caves | Identified exit to Factory 11487 | -5/Proximity Caves | Entered Factory 11487 | -5/Factory | Evolved 2 slots: Power x1, Propulsion x1 11488 | -5/Factory | Identified exit to Factory 11488 | -5/Factory | Identified exit to Upper Caves 11513 | -5/Factory | Identified exit to DSF 11513 | -5/Factory | Entered DSF 11549 | -5/DSF | Additional patrols routed to DSF 11621 | -5/DSF | Discovered exit to Factory (range 15) 11624 | -5/DSF | Entered Factory 11624 | -4/Factory | Evolved 2 slots: Utility x2 11684 | -4/Factory | Discovered new exit (range 12) 11686 | -4/Factory | Identified exit to Research 11688 | -4/Factory | Entered Research 11688 | -3/Research | Evolved 2 slots: Utility x2 11810 | -3/Research | Fabricated Cmb. Antigrav System (x2) 11858 | -3/Research | Fabricated Imp. Hacking Suite (x1) 11924 | -3/Research | Fabricated Cmb. Antigrav System (x2) 12056 | -3/Research | Fabricated Cmb. Antigrav System? 12141 | -3/Research | Discovered new exit (range 15) 12171 | -3/Research | Identified exit to Armory 12171 | -3/Research | Identified exit to Testing 12440 | -3/Research | Entered Testing 12500 | -3/Testing | Found Prototype Hackware 12522 | -3/Testing | Identified System Mapper 12523 | -3/Testing | Identified exit to Research 12614 | -3/Testing | Fabricated Gamma Bomb Array (x1) 12656 | -3/Testing | Repaired Hvy. Machine Gun 12688 | -3/Testing | Spotted PD-Z92AZXX0EH 12801 | -3/Testing | Build established: Hacker-Skirmisher 12812 | -3/Testing | Scanned by Researcher 12833 | -3/Testing | Found Prototype Protection 12836 | -3/Testing | Found Hvy. Regenerative Plating 12880 | -3/Testing | Identified SHELL Armor 12916 | -3/Testing | Entered Research 12916 | -2/Research | Evolved 2 slots: Propulsion x1, Utility x1 12940 | -2/Research | Lost 3 parts (1u2w) 12981 | -2/Research | Spotted B-90 Cyclops 13170 | -2/Research | Found Prototype Launcher 13170 | -2/Research | Identified Point Singularity Launcher 13177 | -2/Research | Found Point Singularity Launcher 13181 | -2/Research | Found Point Singularity Launcher 13360 | -2/Research | Repaired Cmb. Antigrav System 13436 | -2/Research | Spotted B-90 Cyclops 13490 | -2/Research | Discovered new exit (range 8) 13494 | -2/Research | Identified exit to Quarantine 13494 | -2/Research | Entered Quarantine 13558 | -2/Quarantine | Found Alien Reactor 13570 | -2/Quarantine | Identified Matter Drive 13591 | -2/Quarantine | Found Alien Artifact 13609 | -2/Quarantine | Met incapacitated Sigix Warrior 13609 | -2/Quarantine | Lockdown squad dispatched 13611 | -2/Quarantine | Acquired the access code to the Sigix quarantine chamber 13612 | -2/Quarantine | Unlocked Sigix quarantine chamber 13617 | -2/Quarantine | Found Sigix Containment Pod 13687 | -2/Quarantine | Cryocooling Duct disabled 13691 | -2/Quarantine | Cryocooling Duct disabled 13702 | -2/Quarantine | Ambient heat levels rising (+20) 13702 | -2/Quarantine | Non-combat units ordered to evacuate 13706 | -2/Quarantine | Ambient heat levels rising (+20) 13706 | -2/Quarantine | Combat units ordered to evacuate 13732 | -2/Quarantine | Build established: Machinist-Skirmisher 13806 | -2/Quarantine | Quarantine Guard activated 13856 | -2/Quarantine | Found Alien Artifact 13856 | -2/Quarantine | Identified Phase Redirector 13879 | -2/Quarantine | Spotted Quarantine Guard 13881 | -2/Quarantine | Destroyed Quarantine Guard 13881 | -2/Quarantine | Destroyed Quarantine Guard 13884 | -2/Quarantine | Spotted Quarantine Guard 13887 | -2/Quarantine | Spotted Quarantine Guard 13890 | -2/Quarantine | Spotted Quarantine Guard 13898 | -2/Quarantine | Spotted Quarantine Guard 13933 | -2/Quarantine | Destroyed Quarantine Guard 13934 | -2/Quarantine | Destroyed Quarantine Guard 13935 | -2/Quarantine | Destroyed Quarantine Guard 13937 | -2/Quarantine | Spotted Quarantine Guard 13948 | -2/Quarantine | Spotted Quarantine Guard 13960 | -2/Quarantine | Destroyed Quarantine Guard 13970 | -2/Quarantine | Destroyed Quarantine Guard 13970 | -2/Quarantine | Destroyed Quarantine Guard 13989 | -2/Quarantine | Lost 4 parts (1p1u2w) 14033 | -2/Quarantine | Found Alien Slashing Weapon 14033 | -2/Quarantine | Identified Sigix Broadsword 14126 | -2/Quarantine | Found Alien Energy Cannon 14143 | -2/Quarantine | Found Alien Artifact 14151 | -2/Quarantine | Found Alien Artifact 14169 | -2/Quarantine | Spotted Fortress 14207 | -2/Quarantine | Discovered new exit (range 6) 14207 | -2/Quarantine | Discovered new exit (range 7) 14210 | -2/Quarantine | Build established: Machinist-Mutant 14210 | -2/Quarantine | Identified exit to Section 7 14210 | -2/Quarantine | Entered Section 7 14215 | -2/Section 7 | Identified Transdimensional Reconstructor 14215 | -2/Section 7 | Identified Dimensional Node Initializer 14232 | -2/Section 7 | Spotted S7 Guard 14242 | -2/Section 7 | Found Alien Artifact 14242 | -2/Section 7 | Identified Core Regenerator 14242 | -2/Section 7 | Used Core Regenerator, restored core integrity (+362) 14273 | -2/Section 7 | Found Alien Artifact 14273 | -2/Section 7 | Identified Integrated Mediator 14273 | -2/Section 7 | Installed Integrated Mediator, increased core attachment efficiency 14308 | -2/Section 7 | Spotted S7 Guard 14315 | -2/Section 7 | Spotted S7 Guard 14338 | -2/Section 7 | Found Alien Artifact 14339 | -2/Section 7 | Identified Integrated Thermoelectric Network 14339 | -2/Section 7 | Installed Integrated Thermoelectric Network, gained heat-energy exchange potential 14341 | -2/Section 7 | Spotted S7 Guard 14354 | -2/Section 7 | Found Alien Artifact 14355 | -2/Section 7 | Identified Integrated Reactor 14355 | -2/Section 7 | Installed Integrated Reactor, increased core energy generation (+10) 14372 | -2/Section 7 | Found Alien Artifact 14373 | -2/Section 7 | Identified Core Membrane 14373 | -2/Section 7 | Installed Core Membrane, gained immunity to corruption 14396 | -2/Section 7 | Lost 4 parts (1u3w) 14432 | -2/Section 7 | Incoming investigation squad redirected 14445 | -2/Section 7 | Discovered new exit (range 20) 14456 | -2/Section 7 | Initialized slip node 14463 | -2/Section 7 | Spotted B-90 Cyclops 14503 | -2/Section 7 | Spotted B-99 Colossus 14525 | -2/Section 7 | Identified Core Cannon 14541 | -2/Section 7 | Found Integrated Reactor 14541 | -2/Section 7 | Installed Integrated Reactor, increased core energy generation (+10) 14543 | -2/Section 7 | Found Integrated Reactor 14543 | -2/Section 7 | Installed Integrated Reactor, increased core energy generation (+10) 14545 | -2/Section 7 | Found Integrated Reactor 14545 | -2/Section 7 | Installed Integrated Reactor, increased core energy generation (+10) 14569 | -2/Section 7 | Found Alien Artifact 14569 | -2/Section 7 | Identified LRC Energy Well 14569 | -2/Section 7 | Installed LRC Energy Well, increased energy storage capacity (+250) 14599 | -2/Section 7 | Found Alien Artifact 14599 | -2/Section 7 | Identified Integrity Redistributor 14599 | -2/Section 7 | Used Integrity Redistributor, redistributed integrity from core (-180) 14699 | -2/Section 7 | Activated Sigix Exoskeleton 14699 | -2/Section 7 | Unable to understand communications from Sigix Warrior 14700 | -2/Section 7 | Identified Subatomic Replicator 14700 | -2/Section 7 | Used Subatomic Replicator to create Alien Artifact 14703 | -2/Section 7 | Identified Supercharged TR 14703 | -2/Section 7 | Warped through subspace to slip node 14717 | -2/Section 7 | Scanned by Researcher 14724 | -2/Section 7 | Core integrity fell below 50% 14725 | -2/Section 7 | Identified exit to Access 14731 | -2/Section 7 | Intercept squad dispatched 14733 | -2/Section 7 | Entered Access 14733 | -1/Access | Accompanied by 1 ally (Sigix Warrior) 14733 | -1/Access | Evolved 2 slots: Utility x2 14772 | -1/Access | Spotted B-99 Colossus 14782 | -1/Access | Allies destroyed B-99 Colossus 14802 | -1/Access | Spotted Striker 14823 | -1/Access | Allies destroyed Striker 14830 | -1/Access | Build established: Machinist-Skirmisher 14905 | -1/Access | Unable to understand communications from Sigix Warrior 14940 | -1/Access | Spotted Investigator 14983 | -1/Access | Allies destroyed Investigator 14996 | -1/Access | Lost 3 parts (1p2u) 15012 | -1/Access | Destroyed 22 combat bots 15029 | -1/Access | Unable to understand communications from Sigix Warrior 15033 | -1/Access | Spotted Striker 15043 | -1/Access | Spotted Executioner 15083 | -1/Access | Spotted Investigator 15085 | -1/Access | Destroyed Investigator 15092 | -1/Access | Lost 5 parts (1p1n2u1w) 15124 | -1/Access | Spotted Striker 15136 | -1/Access | Found Corrupted Prototype Device 15136 | -1/Access | Identified Active Sensor Suite 15164 | -1/Access | Unable to understand communications from Sigix Warrior 15180 | -1/Access | Spotted Executioner 15183 | -1/Access | Spotted Executioner 15185 | -1/Access | Core integrity fell below 50% 15206 | -1/Access | Lost 17 parts (3p9n2u3w) 15213 | -1/Access | Allies destroyed Striker 15232 | -1/Access | Spotted Executioner 15243 | -1/Access | Unable to understand communications from Sigix Warrior 15245 | -1/Access | Spotted B-99 Colossus 15246 | -1/Access | Spotted B-99 Colossus 15250 | -1/Access | Intercept squad dispatched 15253 | -1/Access | Core integrity fell below 20% 15254 | -1/Access | Spotted Tracker 15256 | -1/Access | Spotted Tracker 15268 | -1/Access | Spotted Combat Programmer 15269 | -1/Access | Spotted Combat Programmer 15270 | -1/Access | Destroyed by B-99 Colossus with Multirail Last Messages --------------- 15259_ Sigix Warrior knocked back. 15259_ Slug penetrates Sigix Warrior. 15262_ Quantum Shear penetrates B-99 Colossus. 15262_ Slug penetrates Sigix Warrior. 15262_ Slug penetrates Reinforced Barrier. 15264_ Quantum Shear penetrates B-99 Colossus. 15266_ B-99 Colossus activates siege mode. 15266_ Slug penetrates Sigix Warrior. 15266_ Sigix Warrior: "MQP KR QGL A2H2M6 C2RW03Z Q1EN 43NZL3" 15266_ Sigix Warrior destroyed. 15269_ Tracker suffers critical hit (Impale). 15269_ Destroyed Exp. Heat Sink. 15269_ Plasma Lance blasted off. 15269_ Penetrated by Slug. 15269_ Slug penetrates Reinforced Barrier. 15269_ Slug penetrates Sealed Heavy Doors. 15269_ Penetrated by Slug. 15269_ Slug penetrates Reinforced Barrier. 15270_ Slug penetrates Sealed Heavy Doors. 15270_ Penetrated by Slug. Map ----- +----------------------------------------------------+ | # # !!# %= ## # ### | | # # =%/% ! ## ""T"" # | | # !]! " =[# ## """"" # | | " !] # # """"T"""" ## # | | " !! ??# [ # """"""""""" ## # | | ########## %=#############"################# | | ! #? #?###?????# # | | # #?????????# # | | # #?????????# """ # | | + #?????????# "R # | | #### ##### # #?????????# """ # ### | | ???#?????# # "" "" #?????????# """ + #?? | | ?????????# #? ""R"" #?????????# # #?? | | ?????????# #? """? ???????????# # #?? | | ?????????# #??####?????????????########### #?? | | ?????????# #?????????????????????????????# #?? | | ?????????+ #?#########????????????"####### #?? | | ?????????# % ### "????????????" #?? | | ?????????# "## "????????????" #?? | | ########## p""" "????????????" #?? | | p "????????????" #?? | | % "????????????" #?# | | = % "????????????" * ## | | " !%* % %"????????????" ==!"" | | "" ""#####""#"#p BB """??????????" %=!## | | " ??# ; BB/ @"??????????"""" """[!#? | | ???# ; s"""??????????""""T"""!=#?? | | ????## #########????????????"#####"[%*#?? | | ?????#" #?????????????????????????###%%#?? | | ?????## #????????????################==#?? | | ??????# #????????????# ||| ##![#?? | | ??????# #????????????# || ##!%#?? | | ??????# ] #????????????# || ! ##=*#?? | | ?????#" #????????????# ##*=#?? | | ??## #????????????# ##=%#?? | | ??# #????????????# ##[!##? | | ################################!!%%%## %=!#? | | ==% ! [% %[=% %=%! |!=% % % != # | | !![*%" =| =% % !%] [=% %!%*%*%/% %/" | | ###"#/"" [% %%####"##"%"####"#####"!=%"+"##% # | | #! [!%=#?????####"""###?" !=[ ##%### | | "%| |!!!##???????? ## ## #??? | | " ^^==!##???????? = "" ## #??? | | # %!!*=##????????"" ## ! ! ## #??? | | " %!%%%%#??????????" ## ! " ## #??? | | "%! /[=!##?????????""" #" ""G" ## #??? | | "[ = %#?????????""" "#""##########+#??? | | " %"#????????""?? # # ??????????????? | | # ##+### "###????? " ## #??????????????? | | ?###%##" "# #???? ???##???????????????? | +----------------------------------------------------+ Best States ------------- Heat Dissipation 114 Coolant Potential 120 Energy Generation 89 Energy Capacity 1090 Matter Stores 700 Matter Capacity 700 Sight Range 20 Robot Scan Range 20 Terrain Scan Density 10 Jamming Range 16 Cloak Strength 3 Power Amplification 30 Additional Mass Support 9 Corruption Block 15 Armor Coverage 900 Resistance: EM 15 Phase Shifting 15 Evasion (%) 72 Target Analysis 8 Core Analysis 6 Recoil Reduction 4 Offensive Hacking 44 Defensive Hacking 10 Authchip Count 4 Trap Extractor Capacity 6 Item Schematics ----------------- Huge Storage Unit | -10/Materials | Hacked Hcp. Storage Unit | -10/Materials | Hacked Imp. Trap Extractor | -9/Materials | Scanalyzed Arm. Treads | -9/Materials | Scanalyzed Cld. Ion Engine | -9/Materials | Scanalyzed Mni. Grenade Launcher | -9/Materials | Scanalyzed Com. Matter Pod | -9/Materials | Scanalyzed Datajack | -9/Materials | Scanalyzed Cmb. Antigrav System | -8/Materials | Scanalyzed Exp. Flexi-carbon Leg | -8/Materials | Scanalyzed Gravmag Array | -8/Materials | Scanalyzed Adv. Weapon Cycler | -8/Materials | Scanalyzed Exp. Targeting Computer | -6/Factory | Scanalyzed Imp. VTOL Module | -6/Factory | Scanalyzed Imp. Hacking Suite | -6/Factory | Hacked Combat Drone Bay | -6/Data Miner | Free Lgt. Regenerative Plating | -6/Data Miner | Free Cld. Nuclear Pulse Thruster | -6/Data Miner | Free Imp. Thermal Defense Suite | -6/Data Miner | Free Imp. KE Penetrator | -6/Data Miner | Free Impulse Thruster | -6/Data Miner | Free Adv. Thermal Shield | -6/Data Miner | Free Force Lance | -6/Data Miner | Free Biometal Medium Treads | -6/Data Miner | Free Helical Railgun | -3/Testing | Scanalyzed Hvy. Regenerative Plating | -3/Testing | Hacked Spectral Analyzer | -3/Testing | Archive Tiamat Missile Launcher | -3/Testing | Archive Adv. Gravity Neutralizer | -3/Testing | Archive Exp. Power Shielding | -3/Testing | Archive Adv. Thermal Defense Suite | -3/Testing | Archive Point Singularity Launcher | -2/Quarantine | Scanalyzed Gravity Neutralizer | -2/Quarantine | Archive Nanosword | -2/Quarantine | Archive Thermal Barrier | -2/Section 7 | Archive Exp. Biometal Leg | -2/Section 7 | Archive Adv. Variable Charge Gun | -2/Section 7 | Archive Com. Mass Driver | -2/Section 7 | Archive Lgt. Antimatter Cannon | -2/Section 7 | Archive Adv. Plasma Rifle | -2/Section 7 | Archive Hvy. Antimatter Reactor | -2/Section 7 | Archive Exp. Q-thruster | -2/Section 7 | Archive Quantum Shading Machine | -2/Section 7 | Archive Exp. Gyrokinetic Inverter | -2/Section 7 | Archive Robot Schematics ------------------ B-48 Gladiator | -6/Data Miner | Free P-70 Sage | -6/Data Miner | Free A-15 Conveyor | -6/Data Miner | Free O-32 Director | -6/Data Miner | Free R-06 Scavenger | -2/Quarantine | Archive R-10 Processor | -2/Section 7 | Archive B-74 Champion | -2/Section 7 | Archive T-07 Excavator | -2/Section 7 | Archive A-27 Freighter | -2/Section 7 | Archive S-43 Plague | -2/Section 7 | Archive Fabricated ------------ Cmb. Antigrav System | x2 | -3/Research | Authchip Imp. Hacking Suite | x1 | -3/Research | Authchip Cmb. Antigrav System | x2 | -3/Research | Authchip Cmb. Antigrav System | x2 | -3/Research | Authchip Gamma Bomb Array | x1 | -3/Testing | Preloaded Repaired ---------- Imp. Trap Extractor | 81% | -9/Materials | Broken Gravmag Array | 98% | -8/Materials | Broken Adv. Weapon Cycler | 78% | -8/Materials | Broken Hvy. Machine Gun | 14% | -3/Testing Cmb. Antigrav System | 27% | -2/Research Alien Tech Used ----------------- Phase Redirector Matter Drive Sigix Broadsword Core Regenerator Integrated Mediator Integrated Thermoelectric Network Integrated Reactor Core Membrane Dimensional Node Initializer Core Cannon LRC Energy Well Integrity Redistributor Subatomic Replicator Supercharged TR Achievements -------------- None Challenges ------------ None Game ------ Seed HellfireTowerBasin Manual? 0 Play Time 03:28:03 Cumulative 825.7 hours Start 2025.08.24 @ 05:57:17 End 2025.08.24 @ 09:33:42 Sessions 1 Manual Loads 0 Difficulty Rogue Special Mode None Game No. 313 Rogue 309 Adventurer 4 Explorer 0 Win Type - Total 15 Types 9/1/1/1/0/1/0/0/1/1 Lore% 95 Gallery% 90 Achievement% 87 Wizard Run 0 Options --------- Layout 0 ASCII 0 Keyboard 0 Movement Numpad Keybinds 0 Fullscreen 2 Font 18/CogNarrow Map View 76x50 Zoom Use 0% Tactical HUD 1 Map Filters NONE Filters NONE Steam 1 RUN: 3ea3ad69-4312-4983-bcfc-fef55dcb1d99